 Dungeon Crawl Stone Soup version 0.17-a0-1115-g0372368 (webtiles) character file.

42 Gorice the Poker (level 3, -3/29 HPs)
             Began as a Vampire Wanderer on May 23, 2015.
             Slain by a goblin
             ... wielding a +2 dagger of venom
             ... led by Robin
              (4 damage)
             ... on level 2 of the Dungeon.
             The game lasted 00:07:29 (1123 turns).

Gorice the Poker (Vampire Wanderer)                 Turns: 1123, Time: 00:07:29

Health: -3/29      AC:  3    Str: 12    XL:     3   Next: 33%
Magic:  3/3        EV: 17    Int: 13    God:
Gold:   37         SH:  0    Dex: 19    Spells: 0 memorised, 2 levels left

rFire  . . .     SeeInvis +     a - +3 dagger
rCold  . . .     Clarity  .     e - +0 robe
rNeg   + . .     SustAt   .     (no shield)
rPois  .         Gourm    .     (no helmet)
rElec  .         Spirit   .     (no cloak)
rCorr  .         Warding  .     l - +0 pair of gloves
rMut   .         Stasis   .     (no boots)
MR     .....                    (no amulet)
Stlth  ++++......               (no ring)
                                j - +1 ring of evasion

@: agile, not resistant to hostile enchantments, stealthy
A: fangs 3, see invisible, unbreathing
a: Bat Form


You were on level 2 of the Dungeon.
You were not thirsty.

You visited 1 branch of the dungeon, and saw 2 of its levels.

You collected 37 gold pieces.

Inventory:

Hand weapons
 a - a +3 dagger (weapon)
 c - a +0 spear
 g - a +0 hunting sling
Missiles
 h - 12 bolts
 Z - 45 stones (quivered)
Armour
 e - a +0 robe (worn)
 l - a +0 pair of gloves (worn)
 p - a +0 chain mail
 r - a cursed -1 plate armour
Jewellery
 j - a +1 ring of evasion (left hand)
Scrolls
 d - 3 scrolls of teleportation {!r}
Potions
 b - a potion of haste {!q}
 f - 14 potions of blood
 i - a potion of might {!q}
 o - a potion of mutation {unknown}
 q - a potion of invisibility {unknown}


   Skills:
 + Level 3.1 Fighting
 * Level 1.2 Short Blades
 - Level 3.3 Polearms
   Level 1.0 Crossbows
 - Level 3.0 Stealth
   Level 1.0 Evocations


You had 2 spell levels left.
You didn't know any spells.

Dungeon Overview and Level Annotations

Branches:
Dungeon (2/15)

Altars:

Annotations:
D:2 Robin


Innate Abilities, Weirdness & Mutations

You have razor-sharp teeth.
You have supernaturally acute eyesight.
You can survive without breathing.


Message History

The goblin shoots a stone.
The stone misses you. The goblin barely misses you.
The goblin closely misses you.
Damage: 6 (max 6) Unknown command.
Unknown command.
Drink which item? (? for menu, Esc to quit)
Really quaff
m - a potion of agility {!q}?
You feel agile all of a sudden. Robin closely misses you.
The goblin hits you with a dagger.
* * * LOW HITPOINT WARNING * * *
The goblin closely misses you. The goblin misses you.
Damage: 1 (max 6) Unknown command.
Robin misses you.
The goblin unwields an uncursed hunting sling.
The goblin wields an uncursed dagger.
The goblin misses you. The rat closely misses you.
Robin roars a battlecry!
The goblins go into a battle-frenzy!
The goblin hits you but does no damage.
The goblin unwields an uncursed dagger.
The goblin wields an uncursed hunting sling.
The goblin shoots a stone.
The stone completely misses you. Robin throws the goblin at you!
The goblin shoots a stone.
The stone misses you.
The goblin unwields an uncursed hunting sling.
The goblin barely misses you. Robin throws the goblin at you!
The goblin unwields an uncursed hunting sling.
The goblin wields an uncursed dagger.
The goblin closely misses you.
The rat twitches its whiskers.
Robin roars a battlecry!
The goblins go into a battle-frenzy!
The goblin unwields an uncursed dagger.
The goblin wields an uncursed hunting sling.
The goblin shoots a stone.
The stone closely misses you.
The goblin wields an uncursed hunting sling.
The goblin shoots a stone.
The stone hits you.
* * * LOW HITPOINT WARNING * * *
Robin throws the goblin at you! The goblin hits you.
* * * LOW HITPOINT WARNING * * *
You see here 2 stones.
Damage: 2 (max 6)
The giant gecko bites you but does no damage.
The goblin shoots a stone.
The stone barely misses you.
You see here a stone.
The giant gecko barely misses you. Robin throws the goblin at you!
* * * LOW HITPOINT WARNING * * *
The goblin hits you with a dagger of venom.
You die...

#..(..........#...#.#
...#...........#..#.#
..##....(.....((....#
...#(......g..(##%..#
.g.().......ggr##.#.#
.......>....#gg##.#.#
........(...#...#)#.#
...%....##....lg#.#.#
................@...#
..##.#####......g..##
..##.# ###..#..<..#
..##.# ##.......####
..##.# #..#.......#
####.# #..........#
#.# #.##.......# #.#
#.##....##.# #.#
#.###...####


You could see Robin, a giant gecko, 6 goblins and a rat.

Vanquished Creatures
  An adder (D:2)
  2 bats
  5 goblins
  5 hobgoblins
  4 giant newts (D:1)
  7 jackals (D:1)
  2 kobolds
  5 rats
31 creatures vanquished.

Notes
Turn   | Place    | Note
--------------------------------------------------------------
     0 | D:1      | Gorice the Vampire Wanderer began the quest for the Orb.
     0 | D:1      | Gorice set off with: a +2 dagger, a potion of haste {!q}, a +0 spear, a scroll of teleportation {!r}, a +0 robe, a potion of blood
     0 | D:1      | Reached XP level 1. HP: 17/17 MP: 1/1
   188 | D:1      | Reached skill level 3 in Polearms
   218 | D:1      | Reached XP level 2. HP: 21/23 MP: 2/2
   414 | D:1      | Reached skill level 3 in Fighting
   767 | D:2      | Noticed Robin
   994 | D:2      | Reached skill level 1 in Short Blades
   994 | D:2      | Reached XP level 3. HP: 24/29 MP: 3/3
  1106 | D:2      | HP: 4/29 [Robin/spear (6)]
  1118 | D:2      | HP: 3/29 [goblin/stone[Robin] (1)]
  1123 | D:2      | HP: 1/29 [Robin/goblin (1)]
  1123 | D:2      | Slain by a goblin

Vault maps used:
D:1:      dpeg_arrival_arbitrary_b, minivault_4
D:2:      nicolae_tso_carved_into_rock, first_bread, serial_corexii_hall,
          corexii_hall_statues_t, corexii_hall_statues_i, uniq_robin

Action                   || total
-------------------------++-------
Melee: Spear             ||    82
       Dagger            ||    30
  Use: Scroll            ||     6
       Potion            ||     2
 Stab: Sleeping          ||     4

Table legend:
 A = Turns spent in this place as a percentage of turns spent in the entire game.
 B = Non-inter-level travel turns spent in this place as a percentage of non-inter-level travel turns spent in the entire game.
 C = Inter-level travel turns spent in this place as a percentage of turns spent in this place.
 D = Turns resting spent in this place as a percentage of non-inter-level travel turns spent in this place.
 E = Turns spent auto-exploring this place as a percentage of non-inter-level travel turns spent in this place.
 F = Non-inter-level travel turns spent in this place divided by the number of levels of this place that you've seen.
                   A       B       C       D       E      F
               +-------+-------+-------+-------+-------+----------------------
         Total | 100.0 | 100.0 |   0.7 |   0.5 |   5.4 | 211.5
       Dungeon | 100.0 | 100.0 |   0.7 |   0.5 |   5.4 | 211.5
               +-------+-------+-------+-------+-------+----------------------

Vault maps used:
D:1:      dpeg_arrival_arbitrary_b, minivault_4
D:2:      nicolae_tso_carved_into_rock, first_bread, serial_corexii_hall,
          corexii_hall_statues_t, corexii_hall_statues_i, uniq_robin
